 Dungeon Crawl Stone Soup version 0.31-a0-187-gba352fbbf7 (webtiles) character file.

Game seed: 8616062810922034052

88 qw the Shooter (level 4, -2/25 HPs)
             Began as a Deep Elf Hunter on June 22, 2023.
             Slain by a gnoll
             ... wielding a +0 halberd
              (16 damage)
             ... on level 2 of the Dungeon.
             The game lasted 00:00:41 (1106 turns).

qw the Shooter (Deep Elf Hunter)                    Turns: 1106, Time: 00:00:41

Health: -2/25      AC:  5    Str: 10    XL:     4   Next: 29%
Magic:  6/6        EV: 11    Int: 14    God:
Gold:   61         SH:  0    Dex: 18    Spells: 3/3 levels left

rFire   . . .        Y - +0 shortbow
rCold   . . .        (shield currently unavailable)
rNeg    + . .        h - +0 ring mail
rPois   .            (no helmet)
rElec   .            (no cloak)
rCorr   .            (no gloves)
SInv    .            (no boots)
Will    .....        (no amulet)
Stlth   +            b - ring of positive energy
HPRegen 0.24/turn    (no ring)
MPRegen 0.10/turn

%: no passive effects
@: no status effects
A: MP-powered wands
a: no special abilities


You were on level 2 of the Dungeon.
You visited 1 branch of the dungeon, and saw 2 of its levels.

You collected 61 gold pieces.


Innate Abilities, Weirdness & Mutations

You expend magic power (3 MP) to strengthen your wands.


   Skills:
 - Level 1.5 Fighting
 + Level 7.7 Ranged Weapons
 - Level 2.4 Dodging
 - Level 1.2 Stealth


You had 3 spell levels left.
You didn't know any spells.
Your spell library was empty.

Inventory:

Hand Weapons
 Y - a +0 shortbow (weapon)
Armour
 h - a +0 ring mail (worn)
Jewellery
 b - a ring of positive energy (left hand)
Scrolls
 a - a scroll of identify
Potions
 d - a potion of mutation
 e - a potion of heal wounds
 f - a potion of degeneration {unknown}
 g - a potion of brilliance {unknown}

Dungeon Overview and Level Annotations

Branches:
Dungeon (2/15)

Altars:
Kikubaaqudgha


Message History

You kill the gnoll!
You see here a +0 club.
You see here a +0 spear.
Enter note:
Enter note:
Enter note:
Enter note:
Enter note:
Enter note: You shoot an arrow.
The arrow closely misses the gnoll.
The gnoll shouts!
You shoot an arrow.
The arrow hits the gnoll but does no damage.
The gnoll hits you from afar with a +0 halberd!
You shoot an arrow.
The arrow hits the gnoll but does no damage.
The gnoll barely misses you.
You shoot an arrow.
The arrow hits the gnoll but does no damage.
The gnoll hits you from afar with a +0 halberd.
The gnoll closely misses you.
You shoot an arrow. The arrow barely misses the gnoll.
The gnoll closely misses you.
You shoot an arrow. The arrow barely misses the gnoll.
The gnoll closely misses you.
You shoot an arrow. The arrow hits the gnoll.
The gnoll is moderately wounded.
The gnoll misses you.
You shoot an arrow.
The arrow hits the gnoll but does no damage.
The gnoll is moderately wounded.
The gnoll closely misses you.
You shoot an arrow. The arrow hits the gnoll.
The gnoll is heavily wounded.
The gnoll hits you from afar with a +0 halberd.
The gnoll barely misses you.
You shoot an arrow. The arrow barely misses the gnoll.
The gnoll hits you from afar with a +0 halberd!
Ouch! That really hurt!
You die...

#.##############.###..# ###.#
#####.# ##...##..# #...# ......#
##.###.#..# #.### ####### #.##
##...###.# #.# #.......# #####
#.## ##...###.# #######...#
##.###...## #.#
#.........########....#..####.##
#.#####.........@....##...##...##
#.# ############g#.##..........
#.# ##....##........## #.#
#..............## #.#
##...###......## #)# ##.##
##...### #.############ ### ##.##
#...)..<.....# #.# #..#########.#
#.#


You could see a gnoll.

Vanquished Creatures
  An adder (D:2)
  3 gnolls (D:2)
  A dart slug (D:2)
  4 endoplasms
  3 giant cockroaches
  7 goblins
  3 hobgoblins
  2 jackals (D:2)
  3 quokkas
  5 ball pythons (D:2)
  7 frilled lizards
  6 kobolds
  A rat (D:1)
46 creatures vanquished.

Notes
Turn   | Place    | Note
-------+----------+-------------------------------------------
     0 | D:1      | qw the Deep Elf Hunter began the quest for the Orb.
     0 | D:1      | Reached XP level 1. HP: 12/12 MP: 3/3
     0 | D:1      | 0 ||| qw: Version: 0.3-a-9-g12657ce
     0 | D:1      | 0 ||| qw: Game counter: 2150
     0 | D:1      | 0 ||| qw: Always use a shield: true
     0 | D:1      | 0 ||| qw: God list: Okawaru
     0 | D:1      | 0 ||| qw: Allow faded altars: false
     0 | D:1      | 0 ||| qw: Do Orc after D:15 true
     0 | D:1      | 0 ||| qw: Do second Lair branch before Depths: true
     0 | D:1      | 0 ||| qw: Lair rune preference: random
     0 | D:1      | 0 ||| qw: Plans: Normal
     0 | D:1      | 0 ||| PLANNING D:1-11
    60 | D:1      | 60 ||| READING scroll labelled LUTWI OL DEI.
    92 | D:1      | 92 ||| DROPPING scroll of butterflies.
    98 | D:1      | Reached XP level 2. HP: 16/16 MP: 4/4
   109 | D:1      | Reached skill level 6 in Ranged Weapons
   246 | D:1      | Found a faded altar of an unknown god.
   462 | D:1      | 462 ||| DROPPING scarf of shadows.
   463 | D:1      | 463 ||| READING 3 scrolls labelled ETORIR LYFEJEIGH.
   464 | D:1      | 464 ||| READING scroll labelled NELOZO VODA.
   465 | D:1      | 465 ||| READING 2 scrolls of identify.
   465 | D:1      | 465 ||| IDENTIFYING fuming ruby potion
   534 | D:2      | Reached XP level 3. HP: 14/20 MP: 5/5
   753 | D:2      | Reached skill level 7 in Ranged Weapons
   768 | D:2      | 768 ||| Stepping ~*~*~tactically~*~*~ (outnumbered).
   829 | D:2      | 829 ||| FLEEEEING.
   831 | D:2      | 831 ||| FLEEEEING.
   832 | D:2      | 832 ||| FLEEEEING.
   833 | D:2      | 833 ||| FLEEEEING.
   834 | D:2      | 834 ||| FLEEEEING.
   835 | D:2      | 835 ||| FLEEEEING.
   836 | D:2      | 836 ||| FLEEEEING.
   837 | D:2      | 837 ||| FLEEEEING.
   838 | D:2      | 838 ||| FLEEEEING.
   839 | D:2      | 839 ||| FLEEEEING.
   898 | D:2      | Reached XP level 4. HP: 25/25 MP: 6/6
   928 | D:2      | Found an ancient bone altar of Kikubaaqudgha.
  1015 | D:2      | 1015 ||| FLEEEEING.
  1020 | D:2      | 1020 ||| STAIRDANCE
  1051 | D:1      | 1051 ||| UPGRADING to +0 ring mail.
  1061 | D:1      | 1061 ||| DROPPING +0 leather armour.
  1062 | D:1      | 1062 ||| UPGRADING to ring of positive energy.
  1063 | D:1      | 1063 ||| DRINKING 2 bubbling coppery potions.
  1063 | D:1      | Gained mutation: You expend magic power (3 MP) to
                  | strengthen your wands. [potion of mutation]
  1106 | D:2      | Slain by a gnoll

Levels and vault maps discovered:
D:1:      spicycebolla_green_bress_n_ham, layout_rooms,
          chequers_ecumenical_altar_island, chequers_serial_rivers_micro_c,
          due_unseen_surprise
D:2:      layout_loops_ring, basic_altar, minmay_heptomino_l4

Skill      XL: |  1  2  3 |
---------------+----------+-----
Ranged Weapons | 6 7 |  7.7
Fighting       | |  1.5
Dodging        | |  2.4
Stealth        | |  1.2

Action                     |  1- 3 |  4- 6 || total
---------------------------+-------+-------++-------
   Fire: Shortbow          |   107 |    23 ||   130
    Use: Scroll            |     4 |       ||     4
         Potion            |       |     1 ||     1
 Armour: Leather armour    |     4 |     1 ||     5
  Dodge: Dodged            |    20 |    10 ||    30

Table legend:
 A = Non-vault XP
 B = Vault XP
 C = Vault XP percentage of total XP
 D = Non-vault monster count
 E = Vault monster count
 F = Vault count percentage of total count
                 A         B        C        D         E       F
            +---------+---------+-------+---------+---------+-------
      Total |     119 |       7 |   5.6 |      43 |       3 |   6.5
            +---------+---------+-------+---------+---------+-------
        D:1 |      33 |       0 |   0.0 |      19 |       0 |   0.0
        D:2 |      86 |       7 |   7.5 |      24 |       3 |  11.1
            +---------+---------+-------+---------+---------+-------
